 Dungeon Crawl Stone Soup version 0.30.0 (webtiles) character file.

Game seed: 14305227642661464525

1622124 Minorbread the Ninja (level 27, 184/184 HPs)
             Began as a Kobold Brigand on June 1, 2023.
             Was a Follower of Uskayaw.
             Escaped with the Orb
             ... and 3 runes on June 2, 2023!
             The game lasted 04:28:49 (70528 turns).

Minorbread the Ninja (Kobold Brigand)              Turns: 70528, Time: 04:28:50

Health: 184/184    AC: 18    Str: 16    XL:     27
Magic:  39/39      EV: 45    Int: 14    God:    Uskayaw [*.....]
Gold:   4796       SH:  0    Dex: 31    Spells: 31/36 levels left

rFire   + + .        b - +12 pair of quick blades "Gyre" and "Gimble" {protect}
rCold   + + +        (shield currently unavailable)
rNeg    . . .        Y - quicksilver dragon scales
rPois   +            Q - +2 helmet {SInv}
rElec   .            B - scarf {rC+ rF+}
rCorr   .            Z - +2 pair of gloves
SInv    +            T - +1 pair of boots of the Bells {rC+}
Will    ++++.        s - amulet of regeneration
Stlth   ++++         P - ring of Makhleb's Anger {Will+ Str+2 Dex+6 Stlth+}
HPRegen 1.30/turn    M - ring "Umureir" {rPois rF+ rC+ Str+4 Dex-2}
MPRegen 0.26/turn

%: no passive effects
@: studying Long Blades
A: small, no large weapons, nightstalker 3, deformed body, subdued magic 1
0: Orb of Zot
}: 3/15 runes: decaying, serpentine, silver
a: Renounce Religion, Stomp


You escaped.
You worshipped Uskayaw.
Uskayaw was extremely pleased with you.
You visited 9 branches of the dungeon, and saw 47 of its levels.
You also visited: Bailey, Wizlab and Desolation.

You collected 8275 gold pieces.
You spent 3479 gold pieces at shops.

Inventory:

Hand Weapons
 b - the +12 pair of quick blades "Gyre" and "Gimble" (weapon) {protect}
   (You bought it in a shop on level 2 of the Dungeon)
Missiles
 f - 10 curare-tipped darts (quivered)
 N - a throwing net
Armour
 c - a +2 hat of stealth
 B - a scarf of resistance (worn)
 J - the +4 robe of Augmentation {Str+4 Int+4 Dex+4}
   (You found it on level 6 of the Dungeon)

   Str:       It affects your strength (+4).
   Int:       It affects your intelligence (+4).
   Dex:       It affects your dexterity (+4).
 L - the +0 pair of boots of Prudence {+Inv rPois Str+3}
   (You found it on level 5 of the Vaults)

   Str:       It affects your strength (+3).
   rPois:     It protects you from poison.
   +Inv:      It lets you turn invisible.
 Q - a +2 helmet of see invisible (worn)
 T - the +1 pair of boots of the Bells (worn) {rC+}
   (You found it on level 13 of the Dungeon)

   rC:        It protects you from cold.
 Y - quicksilver dragon scales (worn)
 Z - a +2 pair of gloves (worn)
Jewellery
 s - an amulet of regeneration (around neck)
 v - the ring "Otahef" {EV+5 SInv}
   (You acquired it on level 2 of the Orcish Mines)

   [ring of evasion]

   EV:        It affects your evasion (+5).
   SInv:      It lets you see invisible.
 y - a +4 ring of protection
 C - the amulet of Spite {Reflect Str+3 SH+5 Stlth+}
   (You took it off a kobold demonologist on level 11 of the Dungeon)

   [amulet of reflection]

   It reflects blocked missile attacks.
   Str:       It affects your strength (+3).
   SH:        It affects your SH (+5).
   Stlth:     It makes you more stealthy.
 K - a ring of flight
 M - the ring "Umureir" (right hand) {rPois rF+ rC+ Str+4 Dex-2}
   (You found it in the Desolation of Salt)

   [ring of poison resistance]

   Str:       It affects your strength (+4).
   Dex:       It affects your dexterity (-2).
   rF:        It protects you from fire.
   rC:        It protects you from cold.
   rPois:     It protects you from poison.
 P - the ring of Makhleb's Anger (left hand) {Will+ Str+2 Dex+6 Stlth+}
   (You found it in the Desolation of Salt)

   [ring of dexterity]

   Str:       It affects your strength (+2).
   Dex:       It affects your dexterity (+6).
   Will:      It increases your willpower.
   Stlth:     It makes you more stealthy.
Wands
 o - a wand of flame (144)
 q - a wand of polymorph (24)
 r - a wand of charming (46)
 u - a wand of mindburst (35)
 G - a wand of roots (28)
 R - a wand of digging (42)
 W - a wand of acid (49)
Scrolls
 a - 8 scrolls of amnesia
 d - 2 scrolls of blinking
 g - 10 scrolls of fear
 h - 15 scrolls of teleportation
 i - 4 scrolls of summoning
 l - 13 scrolls of fog
 n - 10 scrolls of poison
 p - 5 scrolls of magic mapping
 t - 12 scrolls of enchant armour
 A - 10 scrolls of enchant weapon
 I - 4 scrolls of silence
Potions
 e - 6 potions of ambrosia
 k - 10 potions of heal wounds
 m - 17 potions of curing
 w - 8 potions of might
 z - 9 potions of flight
 D - 8 potions of brilliance
 E - 12 potions of mutation
 F - 8 potions of haste
 H - 4 potions of cancellation
 O - 3 potions of berserk rage
 S - a potion of resistance
 V - 5 potions of magic
Miscellaneous
 j - a phantom mirror
 x - a lightning rod (4/4)
 U - a phial of floods
 X - a condenser vane


   Skills:
 + Level 22.3 Fighting
 - Level 10.0 Short Blades
 - Level 2.1 Throwing
 + Level 11.0 Armour
 O Level 27 Dodging
 O Level 27 Stealth
 - Level 5.0 Spellcasting
 - Level 5.0 Translocations
 - Level 9.0 Transmutations
 - Level 5.0 Earth Magic
 - Level 25.0 Invocations
 - Level 10.0 Evocations


You had 31 spell levels left.
You knew the following spells:

 Your Spells              Type           Power      Damage    Failure   Level
a - Apportation           Tloc           26%        N/A       2%          1
b - Passwall              Tmut/Erth      14%        N/A       1%          2
c - Wereblood             Tmut           22%        N/A       1%          2

Your spell library contained the following spells:

 Spells                   Type           Power      Damage    Failure   Level
 Sandblast                Erth           26%        2d8       2%          1
 Sting                    Tmut/Pois      48%        1d5       3%          1
 Lesser Beckoning         Tloc           26%        N/A       4%          2
 Gell's Gravitas          Tloc           13%        N/A       9%          3
 Teleport Other           Tloc           13%        N/A       9%          3
 Spider Form              Tmut/Pois      12%        N/A       11%         3
 Ignite Poison            Fire/Tmut/Pois 9%         N/A       21%         3
 Freeze                   Ice            8%         1d3       24%         1
 Magic Dart               Conj           8%         1d3       24%         1
 Necrotise                Necr           8%         1d4       24%         1
 Summon Small Mammal      Summ           8%         N/A       24%         1
 Stone Arrow              Conj/Erth      16%        3d8       26%         3
 Volatile Blastmotes      Fire/Tloc      16%        2d11      26%         3
 Passage of Golubria      Tloc           13%        N/A       30%         4
 Call Imp                 Summ           4%         N/A       34%         2
 Cigotuvi's Dreadful Rot  Necr/Pois/Air  4%         N/A       34%         2
 Ensorcelled Hibernation  Hex/Ice        4%         N/A       34%         2
 Poisonous Vapours        Pois/Air       4%         N/A       34%         2
 Searing Ray              Conj           4%         2d4       34%         2
 Sublimation of Blood     Necr           2%         N/A       34%         2
 Ice Form                 Ice/Tmut       12%        N/A       36%         4
 Call Canine Familiar     Summ           2%         N/A       58%         3
 Dazzling Flash           Conj/Hex       4%         N/A       58%         3
 Frozen Ramparts          Ice            4%         1d1       58%         3
 Hailstorm                Conj/Ice       2%         3d3       58%         3
 Inner Flame              Hex/Fire       2%         N/A       58%         3
 Mephitic Cloud           Conj/Pois/Air  2%         N/A       58%         3
 Summon Guardian Golem    Hex/Summ       2%         N/A       58%         3
 Animate Armour           Summ/Erth      16%        N/A       65%         4
 Iskenderun's Mystic Bla  Conj/Tloc      8%         2d4       65%         4
 Lee's Rapid Deconstruct  Erth           6%         3d6*      65%         5
 Alistair's Intoxication  Tmut/Pois      8%         N/A       73%         5
 Yara's Violent Unravell  Hex/Tmut       6%         3d5       73%         5
 Statue Form              Tmut/Erth      11%        N/A       92%         6
 Anguish                  Hex/Necr       1%         N/A       94%         4
 Animate Dead             Necr           2%         N/A       94%         4
 Flame Wave               Conj/Fire      2%         2d4       94%         4
 Fulminant Prism          Conj/Hex       1%         3d5       94%         4
 Olgreb's Toxic Radiance  Pois           2%         N/A       94%         4
 Sticky Flame             Conj/Fire      2%         2d3       94%         4
 Summon Ice Beast         Ice/Summ       2%         N/A       94%         4
 Summon Lightning Spire   Summ/Air       2%         N/A       94%         4
 Borgnjor's Vile Clutch   Necr/Erth      4%         N/A       94%         5
 Summon Forest            Summ/Tloc      4%         N/A       94%         5
 Eringya's Noxious Bog    Tmut/Pois      6%         N/A       99%         6
 Dragon Form              Tmut           11%        N/A       99%         7
 Freezing Cloud           Conj/Ice/Air   1%         6-21      100%        5
 Iskenderun's Battlesphe  Conj           2%         2d6       100%        5
 Silence                  Hex/Air        1%         N/A       100%        5
 Summon Mana Viper        Hex/Summ       2%         N/A       100%        5
 Conjure Ball Lightning   Conj/Air       1%         3x3d6     100%        6
 Death Channel            Necr           1%         N/A       100%        6
 Simulacrum               Ice/Necr       1%         N/A       100%        6
 Starburst                Conj/Fire      1%         6d3       100%        6
 Summon Cactus Giant      Summ           1%         N/A       100%        6
 Enfeeble                 Hex            1%         N/A       100%        7
 Haunt                    Necr/Summ      1%         N/A       100%        7
 Monstrous Menagerie      Summ           1%         N/A       100%        7
 Ozocubu's Refrigeration  Ice            1%         4d7       100%        7
 Storm Form               Tmut/Air       6%         N/A       100%        7
 Summon Hydra             Summ           1%         N/A       100%        7
 Borgnjor's Revivificati  Necr           1%         N/A       100%        8
 Discord                  Hex            1%         N/A       100%        8
 Disjunction              Tloc           6%         N/A       100%        8
 Ignition                 Fire           1%         3d3       100%        8
 Infestation              Necr           1%         N/A       100%        8
 Lehudib's Crystal Spear  Conj/Erth      4%         10d3      100%        8
 Maxwell's Capacitive Co  Air            1%         ∞         100%        8
 Necromutation            Tmut/Necr      6%         N/A       100%        8
 Chain Lightning          Conj/Air       1%         3d1       100%        9
 Death's Door             Necr           1%         N/A       100%        9
 Fire Storm               Conj/Fire      1%         7d1       100%        9
 Polar Vortex             Ice            1%         N/A       100%        9


Dungeon Overview and Level Annotations

Branches:
Dungeon (15/15)            Temple (0/1) D:6            Lair (5/5) D:9
  Swamp (4/4) Lair:2        Snake (4/4) Lair:3        Slime (0/5) Lair:5
    Orc (2/2) D:10            Elf (3/3) Orc:2        Vaults (5/5) D:14
  Crypt (0/3) Vaults:3     Depths (4/4) D:15            Zot (5/5) Depths:4
 Bailey (visited)          WizLab (visited)         Desolation (visited)

Altars:
Ashenzari
Cheibriados
Elyvilon
Fedhas
Gozag
Hepliaklqana
Kikubaaqudgha
Nemelex Xobeh
Okawaru
Qazlal
Sif Muna
Trog
Uskayaw
Vehumet
Wu Jian
Xom
Jiyva

Shops:
D:1 [   D:2 *   D:4 ?   D:5 (   Orc:2 (:*[   Elf:1 ([:([   Elf:2 :   Elf:3 =
Snake:1 (   Snake:3 [*   Vaults:1 (   Vaults:2 *

Portals:
Hell: Depths:1 Depths:2 Depths:3 Depths:4
Abyss: Depths:3
Pandemonium: Depths:2 Depths:3
Ziggurat: Depths:2
Trove: D:11 (give pair of quick blades "Gyre" and "Gimble")

Annotations:
Swamp:2 Roxanne
Elf:2 3 runed translucent doors
Depths:1 1 runed translucent door, Barug's ghost, adept TrMo
Depths:3 1 runed translucent door, Gucom's ghost, veteran GnFi
Zot:5 1 exclusion


Innate Abilities, Weirdness & Mutations

You are small and have problems with some larger weapons.
You are completely attuned to the shadows.
Armour fits poorly on your strangely shaped body.
Your spells are a little easier to cast, but a little less powerful.


Message History

You can now pass through a line of other dancers.
You hit the Orb Guardian but do no damage. x2
The Orb Guardian completely misses you.
You hit the Orb Guardian but do no damage.
You hit the Orb Guardian. You puncture the Orb Guardian! x2
You miss the Orb Guardian. You puncture the Orb Guardian!
You kill the Orb Guardian!
Your Armour skill increases to level 11!
You can no longer pass through a line of other dancers.
Aiming: Dig
Press: ? - help, Shift-Dir - straight line A rock wall.
This square is covered in magical glow.
The rock shatters into small pieces.
Aiming: Dig
Press: ? - help, Shift-Dir - straight line A rock wall.
This square is covered in magical glow.
The rock shatters into small pieces.
Aiming: Dig
Press: ? - help, Shift-Dir - straight line A rock wall.
This square is covered in magical glow.
The rock shatters into small pieces.
Aiming: Dig
Press: ? - help, Shift-Dir - straight line You can't see that place.
The rock shatters into small pieces.
Casting: Passwall (safe; 1% risk of failure)
Confirm with . or Enter, or press ? or * to list all spells.
Aiming: Passwall (safe; 1% risk of failure)
Press: ? - help, Dir - move target You can't see that place. [a rock wall.]
You begin to meditate on the wall.
You continue meditating on the rock. x3
You finish merging with the rock.
Magic restored.
There is a staircase leading out of the dungeon here.
You have escaped!

##.# ###########.#
#.........#.#
#.8.#####...# #
#...#≈≈≈#.#.# ##
#.#.#≈≈≈#.#.# ##.
#.#.#≈≈≈#.#.# ##.#
#.#.#####.#.###.##
#@#.......#.##.##
#.#.#####.#.####
#.#.#≈≈S#.#.#
#.#.#≈≈≈#.#.#
#...#≈≈≈#.#.#
#.8.#####...#
#.........###
###########


There were no monsters in sight!

Vanquished Creatures
  2 orbs of fire (Zot:5)
  A dread lich (Zot:5)
  2 juggernauts (Depths:4)
  Josephina (Depths:2)
  6 Killer Klowns (Zot:5)
  A curse toe (Zot:5)
  9 golden dragons
  Nikola (Snake:1)
  The ghost of arghonaut the Warrior, an adept MfMo of the Shining One (Elf:3)
  3 doom hounds (Depths:2)
  The ghost of Feagond the Warrior, an adept HOMo of Beogh (Vaults:4)
  A lich (Vaults:5)
  15 tentacled monstrosities
  2 electric golems
  25 Orb Guardians
  Rupert (D:14)
  A walking earthen tome (Depths:3)
  A walking crystal tome (Depths:3)
  Grunn (Depths:2)
  2 deep elf blademasters (Elf:3)
  7 death cobs
  A walking frostbound tome (Depths:3)
  4 titans
  A deep elf master archer (Elf:3)
  10 quicksilver dragons
  A walking divine tome (Depths:3)
  6 sphinxes
  A sphinx (shapeshifter) (Vaults:5)
  A thorn hunter (Swamp:4)
  8 shadow dragons
  Donald (Swamp:1)
  3 tengu reavers
  7 storm dragons
  2 draconian monks
  7 nagarajas
  The ghost of Ypsiuj the Thaumaturge, an adept GnSk of Makhleb (Swamp:1)
  14 fire giants
  2 draconian knights
  A balrug (Depths:4)
  An iron dragon (Depths:4)
  5 frost giants
  8 deep elf sorcerers
  15 vault wardens
  An imperial myrmidon (Desolation)
  Aizul (Snake:2)
  A ghost moth (Zot:1)
  5 draconian scorchers
  2 draconian shifters
  2 ghouls
  4 orc warlords
  2 spriggan defenders
  2 draconian stormcallers (Zot:1)
  3 demonspawn corrupters (WizLab)
  2 draconian annihilators
  7 deep elf elementalists
  19 ironbound preservers
  34 very ugly things
  8 ironbound thunderhulks
  A reaper (Depths:2)
  6 war gargoyles
  2 vampire knights
  14 stone giants
  5 green draconians
  The ghost of Amet the Severer, a journeyman MiBe of Trog (Swamp:3)
  5 eleionomae
  7 deep elf demonologists
  2 halazid warlocks (Desolation)
  11 spark wasps
  4 white draconians
  7 red draconians
  3 purple draconians
  7 dire elephants
  A spark wasp (shapeshifter) (Depths:1)
  4 black draconians
  9 deep elf annihilators
  7 bunyips
  5 deep elf death magi
  2 blizzard demons
  8 yellow draconians
  3 eidola
  14 fire dragons
  10 ettins
  A merfolk javelineer (WizLab)
  6 deep elf high priests
  11 yaktaur captains
  4 crystal guardians
  7 ragged hierophants (Desolation)
  10 servants of whispers (Desolation)
  3 entropy weavers
  3 jiangshi (Depths:4)
  6 great orbs of eyes
  26 vault guards
  11 peacekeepers
  17 hydras
  2 rakshasas
  11 ice dragons
  3 ogre magi
  Fannar (Lair:3)
  Harold (D:11)
  5 spriggan air magi
  A radroach (shapeshifter) (Depths:3)
  7 anacondas
  A juggernaut simulacrum (Depths:2)
  4 merfolk aquamancers (WizLab)
  9 boulder beetles
  2 catoblepae
  6 centaur warriors
  The ghost of Pandrake the Destroyer, a journeyman DgCj (D:12)
  5 salamander tyrants
  11 ironbound frosthearts
  4 vampire magi
  10 naga warriors
  18 dancing weapons
  3 deep troll earth magi
  22 two-headed ogres
  A hell hog (Depths:3)
  9 alligators
  11 death yaks (Lair:5)
  13 tengu warriors
  5 deep troll shamans
  An orc high priest (Orc:2)
  16 naga sharpshooters
  2 shock serpents (shapeshifter)
  4 hell knights
  9 spriggan berserkers
  2 sun demons
  14 deep elf knights
  13 shock serpents
  A skyshark (Lair:2)
  2 iron trolls
  A skeletal warrior (D:11)
  4 salamander mystics
  The ghost of Caerwyn the Skirmisher, a novice DgHu (D:8)
  4 goliath frogs
  A shadow wraith (Vaults:4)
  9 sea snakes (Snake:3)
  8 bog bodies
  5 glowing orange brains
  48 deep trolls
  20 ironbound convokers
  3 spriggan druids
  4 naga ritualists
  9 swamp dragons
  10 deep elf archers
  7 lindwurms
  4 phantasmal warriors
  9 wizards
  Pikel (D:6)
  2 flayed ghosts (Depths:4)
  4 harpies (Vaults:1)
  27 deep elf zephyrmancers
  7 necromancers
  11 orc knights
  2 harpies (shapeshifter)
  A shadow dragon zombie (Depths:2)
  8 mana vipers
  A sphinx zombie (Depths:2)
  26 ugly things
  18 deep elf pyromancers
  12 cyclopes
  5 orc sorcerers
  21 salamanders
  6 manticores
  3 worldbinders (WizLab)
  15 moths of wrath
  4 will-o-the-wisps
  19 vault sentinels
  A black mamba (shapeshifter) (D:14)
  33 elephants
  A water nymph (WizLab)
  6 guardian serpents
  7 naga magi
  35 black mambas
  A gargoyle (D:11)
  Maggie (Lair:2)
  4 smoke demons
  5 molten gargoyles
  An unseen horror (shapeshifter) (Elf:3)
  An efreet (D:13)
  3 rime drakes
  12 komodo dragons
  A kobold demonologist (D:11)
  8 cane toads
  28 yaktaurs
  Psyche (D:10)
  A komodo dragon (shapeshifter) (Elf:3)
  A golden dragon simulacrum (Depths:2)
  A freezing wraith (Vaults:5)
  A red devil (Depths:4)
  2 tormentors
  A bloated husk (Swamp:3)
  3 tengu conjurers
  2 polar bears (Lair:5)
  8 trolls
  21 hornets
  Prince Ribbit (Lair:3)
  A merfolk (shapeshifter) (Depths:1)
  A wind drake (shapeshifter) (Vaults:5)
  2 tengu simulacra (Depths:2)
  A raiju (shapeshifter) (D:14)
  4 tyrant leeches
  2 dream sheep (shapeshifter) (Vaults:5)
  50 saltlings (Desolation)
  18 blink frogs
  13 dream sheep (Lair:5)
  The ghost of MuseOD the Trooper, an amateur GrFi (D:4)
  48 slime creatures
  3 shadows
  4 air elementals
  6 water elementals
  8 wyverns
  A vampire (D:12)
  27 spriggans
  A yak (shapeshifter) (Elf:3)
  12 humans
  2 large abominations (Elf:1)
  3 fire elementals
  27 yaks
  3 wraiths
  6 basilisks
  A chaos spawn (Depths:3)
  A neqoxec (Zot:5)
  3 redbacks
  3 steam dragons
  13 vampire mosquitoes
  A basilisk (shapeshifter) (D:13)
  15 swamp worms
  38 nagas
  Edmund (D:6)
  2 wargs (Orc:2)
  3 acid dragons
  A naga (shapeshifter) (Vaults:5)
  3 hell hounds (Lair:5)
  8 water moccasins
  Duvessa (D:6)
  2 floating eyes
  2 swamp drakes (Swamp:4)
  An ice beast (D:8)
  30 orc warriors
  5 black bears
  2 sky beasts
  9 ogres
  11 boggarts
  6 centaurs
  40 wolves
  2 lemures
  2 phantoms
  8 bullfrogs
  2 elf zombies (Elf:1)
  Blork the orc (D:6)
  3 kobold brigands
  A necrophage (Swamp:3)
  10 gnoll sergeants
  A bullfrog (shapeshifter) (Vaults:5)
  A human simulacrum (Depths:2)
  A glowing shapeshifter simulacrum (Vaults:3)
  7 scorpions
  Dowan (D:6)
  A killer bee (D:8)
  11 howler monkeys
  2 electric eels (Snake:3)
  4 lava snakes
  8 hounds
  2 centaur skeletons (D:4)
  A jelly (D:5)
  7 gnoll boudas
  18 orc priests
  A sleepcap (D:7)
  3 iguanas
  26 orc wizards
  29 gnolls
  11 adders
  2 shadow imps (D:8)
  A white imp (D:6)
  3 ufetubi
  2 worms (D:2)
  4 dart slugs
  89 orcs
  6 ball pythons
  13 bats
  4 endoplasms
  4 giant cockroaches
  5 goblins
  11 hobgoblins
  4 jackals (D:3)
  6 quokkas
  3 training dummies (Snake:1)
  3 frilled lizards
  8 kobolds
  9 rats
  A butterfly (Lair:3)
2069 creatures vanquished.

Vanquished Creatures (collateral kills)
  Snorg (Lair:3)
  A large abomination (D:15)
  A gnoll (Bailey)
3 creatures vanquished.

Vanquished Creatures (others)
  A deep elf knight (Elf:1)
  A hell hound (Lair:5)
  A swamp drake (Swamp:4)
  A centaur (shapeshifter) (Vaults:5)
  A gnoll (Bailey)
  An endoplasm (D:4)
  2 foxfires (Swamp:1)
  32 fungi
  74 plants
  2 withered plants (Depths:1)
116 creatures vanquished.

Grand Total: 2188 creatures vanquished

Notes
Turn   | Place    | Note
-------+----------+-------------------------------------------
     0 | D:1      | Minorbread the Kobold Brigand began the quest for the Orb.
     0 | D:1      | Reached XP level 1. HP: 12/12 MP: 1/1
     4 | D:1      | Noticed an electric eel
    73 | D:1      | Reached XP level 2. HP: 9/17 MP: 2/2
   304 | D:1      | Reached XP level 3. HP: 21/21 MP: 3/3
   389 | D:1      | Found Ceshogh's Armour Shop.
  1034 | D:2      | Reached XP level 4. HP: 26/26 MP: 4/4
  1143 | D:2      | Found Yfonaawn's Assorted Antiques.
  1727 | D:3      | Reached XP level 5. HP: 15/30 MP: 5/5
  1827 | D:3      | Reached skill level 5 in Short Blades
  2603 | D:2      | Bought a runed dagger for 120 gold pieces
  2629 | D:4      | Found Onwot's Magic Scroll Shop.
  2726 | D:4      | Reached XP level 6. HP: 20/35 MP: 6/6
  2813 | D:4      | Found a transporter.
  2815 | D:4      | Noticed MuseOD's ghost (amateur GrFi)
  2848 | D:4      | Found a transporter.
  3079 | D:4      | Noticed an orc warrior
  3188 | D:4      | Killed an orc warrior
  3189 | D:4      | Reached XP level 7. HP: 41/41 MP: 7/7
  3853 | D:5      | Entered Level 5 of the Dungeon
  4359 | D:5      | Found Piaf's Weapon Shop.
  4407 | D:5      | Reached XP level 8. HP: 48/48 MP: 8/8
  4610 | D:5      | Reached skill level 1 in Evocations
  4771 | D:6      | Noticed Edmund
  4809 | D:6      | Noticed Dowan
  4851 | D:6      | Found a hide-covered altar of Uskayaw.
  4856 | D:6      | Became a worshipper of Uskayaw the Reveller
  4902 | D:6      | Reached * piety under Uskayaw
  4917 | D:6      | Reached skill level 1 in Invocations
  4943 | D:6      | Reached ** piety under Uskayaw
  4946 | D:6      | Reached skill level 5 in Fighting
  4996 | D:6      | Killed Edmund
  4997 | D:6      | Reached skill level 5 in Dodging
  5233 | D:6      | Reached XP level 9. HP: 54/54 MP: 11/11
  5256 | D:6      | Found an ancient bone altar of Kikubaaqudgha.
  5263 | D:6      | Found an iron altar of Okawaru.
  5263 | D:6      | Found a shimmering blue altar of Sif Muna.
  5485 | D:6      | Noticed Pikel
  5658 | D:6      | Found the +4 robe of Augmentation {Str+4 Int+4 Dex+4}
  5767 | D:6      | Noticed Blork the orc
  5772 | D:6      | Killed Blork the orc
  5781 | D:6      | Found a staircase to the Ecumenical Temple.
  5838 | D:6      | Noticed Duvessa
  6140 | D:7      | Found a hazy altar of Hepliaklqana.
  6156 | D:7      | Found an opulent altar of Gozag.
  6165 | D:7      | Found a white marble altar of Elyvilon.
  6168 | D:7      | Found a snail-covered altar of Cheibriados.
  6174 | D:7      | Identified the +3 helmet "Unwirhip" {rF+ rCorr Str+2
                  | Slay-3}
  6519 | D:6      | Reached *** piety under Uskayaw
  6723 | D:7      | Found a stormy altar of Qazlal.
  6728 | D:7      | Found a blossoming altar of Fedhas.
  7120 | D:7      | Reached skill level 10 in Short Blades
  7120 | D:7      | Reached skill level 5 in Invocations
  7338 | D:7      | Noticed a hornet
  7344 | D:7      | Paralysed by a hornet for 2 turns
  7351 | D:7      | Killed a hornet
  7464 | D:7      | Reached XP level 10. HP: 56/59 MP: 14/14
  7782 | D:8      | Learned a level 1 spell: Apportation
  7797 | D:8      | Found a flagged portal.
  7809 | Bailey   | Entered a bailey
  7964 | Bailey   | Reached skill level 10 in Stealth
  8162 | Bailey   | Reached **** piety under Uskayaw
  8168 | Bailey   | Identified the +0 whip of Insufficient Pleasure {freeze,
                  | rElec rC+ Int+3 Dex-5}
  9530 | D:8      | Found a runed translucent gate.
  9530 | D:8      | Found a runed translucent gate.
  9530 | D:8      | Found a runed translucent gate.
  9532 | D:8      | Found an opulent altar of Gozag.
 10061 | D:6      | Killed Pikel
 10062 | D:6      | Reached XP level 11. HP: 60/64 MP: 15/17
 10079 | D:6      | Killed Duvessa
 10087 | D:6      | Killed Dowan
 10569 | D:9      | Reached skill level 10 in Dodging
 10809 | D:9      | Found a staircase to the Lair.
 11164 | D:10     | Entered Level 10 of the Dungeon
 11384 | D:10     | Noticed Psyche
 11387 | D:10     | Killed Psyche
 11507 | D:10     | Found a staircase to the Orcish Mines.
 11599 | D:10     | Reached skill level 10 in Invocations
 11602 | D:10     | Reached ***** piety under Uskayaw
 11835 | D:10     | Found a shimmering altar of Xom.
 11835 | D:10     | Found a broken altar of Ashenzari.
 11835 | D:10     | Found a sparkling altar of Nemelex Xobeh.
 12024 | D:10     | Found a radiant altar of Vehumet.
 12132 | D:11     | Noticed a two-headed ogre
 12136 | D:11     | Killed a two-headed ogre
 12137 | D:11     | Reached XP level 12. HP: 75/75 MP: 19/19
 12241 | D:11     | Noticed a centaur warrior
 12260 | D:11     | Killed a centaur warrior
 12315 | D:11     | Noticed a boulder beetle
 12337 | D:11     | Killed a boulder beetle
 12620 | D:11     | Noticed a skeletal warrior
 12620 | D:11     | Noticed a two-headed ogre
 12810 | Lair:1   | Entered Level 1 of the Lair of Beasts
 12892 | Lair:1   | Reached skill level 10 in Fighting
 13484 | Lair:1   | You fall into a shaft and drop 1 floor!
 13524 | Lair:2   | Noticed Maggie
 13528 | Lair:2   | Killed Maggie
 14088 | Lair:2   | Found a staircase to the Swamp.
 14295 | Lair:2   | Noticed a skyshark
 14323 | Lair:2   | Reached XP level 13. HP: 61/83 MP: 21/21
 14843 | Orc:1    | Entered Level 1 of the Orcish Mines
 15043 | Orc:2    | Entered Level 2 of the Orcish Mines
 15376 | D:11     | Identified the amulet of Spite {Reflect Str+3 SH+5 Stlth+}
 15490 | D:11     | Found a portal to a secret trove of treasure.
 15722 | D:11     | Reached skill level 15 in Stealth
 15917 | D:11     | Noticed Harold
 16165 | D:11     | Reached skill level 5 in Evocations
 16590 | D:11     | Killed Harold
 17608 | D:12     | Found a runed translucent door.
 17618 | D:12     | Noticed a vampire knight
 17912 | D:13     | Reached XP level 14. HP: 90/90 MP: 24/24
 18204 | D:13     | Identified the +1 pair of boots of the Bells {rC+}
 19532 | Lair:3   | Noticed Snorg
 19748 | Lair:3   | Reached skill level 15 in Invocations
 19980 | Lair:3   | Noticed Prince Ribbit
 19985 | Lair:3   | Noticed Fannar
 19988 | Lair:3   | Killed Prince Ribbit
 20005 | Lair:3   | Killed Fannar
 20006 | Lair:3   | Reached skill level 15 in Dodging
 20205 | Lair:3   | Found a staircase to the Snake Pit.
 20739 | Lair:3   | Killed Snorg
 21899 | Lair:4   | Reached XP level 15. HP: 75/96 MP: 19/26
 22834 | Lair:5   | Entered Level 5 of the Lair of Beasts
 22987 | Lair:5   | Reached ****** piety under Uskayaw
 23782 | Lair:5   | Found a viscous altar of Jiyva.
 23783 | Lair:5   | Found a staircase to the Slime Pits.
 24462 | Lair:5   | Found a large runed translucent door.
 24493 | Lair:5   | HP: 4/100 [basilisk (5)]
 24849 | Lair:5   | Reached XP level 16. HP: 93/106 MP: 20/27
 25248 | Lair:5   | Found a large runed translucent door.
 26176 | D:8      | Noticed Caerwyn's ghost (novice DgHu)
 26184 | D:8      | Killed Caerwyn's ghost
 26343 | D:2      | Bought the +12 pair of quick blades "Gyre" and "Gimble"
                  | {protect} for 2040 gold pieces
 26343 | D:2      | Bought a scroll labelled GYNLON GUCIAB for 24 gold pieces
 26343 | D:2      | Found the +12 pair of quick blades "Gyre" and "Gimble"
                  | {protect}
 26879 | D:12     | Noticed Pandrake's ghost (journeyman DgCj)
 26991 | D:13     | You fall into a shaft and drop 2 floors!
 26991 | D:15     | Entered Level 15 of the Dungeon
 27270 | D:14     | Noticed Rupert
 27270 | D:14     | Found a gate to the Vaults.
 28665 | Orc:2    | Reached skill level 15 in Fighting
 29036 | Orc:2    | Found a staircase to the Elven Halls.
 29419 | Orc:2    | Found Yvergh's General Store.
 29452 | Orc:2    | Found Acluanan's Antique Armour Shoppe.
 29525 | Orc:2    | Found Soteir Vida's Book Shoppe.
 29550 | Orc:2    | Found Ubueggeo's Antique Weapon Shoppe.
 30222 | Snake:1  | Entered Level 1 of the Snake Pit
 30594 | Snake:1  | Found Qaanag's Firing Range.
 30800 | Snake:1  | Noticed Nikola
 30810 | Snake:1  | Killed Nikola
 31080 | Snake:1  | Reached XP level 17. HP: 113/113 MP: 29/29
 31971 | Snake:2  | Noticed Aizul
 32337 | Swamp:1  | Entered Level 1 of the Swamp
 32925 | Swamp:1  | Identified the +5 kite shield of Whack-A-Mole {rF- rC+
                  | Str+5}
 32925 | Swamp:1  | Noticed Donald
 32957 | Swamp:1  | Killed Donald
 33164 | Swamp:1  | Found a bloodstained altar of Trog.
 33301 | Swamp:1  | Found a runed translucent door.
 33303 | Swamp:1  | Noticed Ypsiuj's ghost (adept GnSk)
 33658 | Swamp:2  | Got Sif Muna's Thoughts on Fluctuating Allies
 34097 | Orc:2    | Bought a scroll of acquirement for 572 gold pieces
 34097 | Orc:2    | Bought a potion of mutation for 88 gold pieces
 34097 | Orc:2    | Acquired the ring "Otahef" {EV+5 SInv}
 34336 | Swamp:2  | Noticed Roxanne
 34802 | Swamp:3  | Reached XP level 18. HP: 78/119 MP: 31/31
 34939 | Swamp:3  | Identified the orb of the Apprentice {*Rage, Will++ Str+3
                  | Dex+3 Slay+3}
 35052 | Swamp:3  | Found a runed translucent gate.
 35052 | Swamp:3  | Found a runed translucent gate.
 35052 | Swamp:3  | Found a runed translucent gate.
 35053 | Swamp:3  | Noticed Amet's ghost (journeyman MiBe)
 35428 | Swamp:3  | Killed Amet's ghost
 35503 | Swamp:4  | Entered Level 4 of the Swamp
 35561 | Swamp:4  | Got a decaying rune of Zot
 37029 | D:15     | Found a staircase to the Depths.
 38137 | Snake:2  | Killed Aizul
 38395 | Snake:2  | Identified the +1 ring mail of Hepliaklqana's Delight
                  | {Str+2 Dex+5}
 38931 | Snake:3  | Reached XP level 19. HP: 125/125 MP: 32/32
 39023 | Snake:3  | Found Izul's Armour Boutique.
 39199 | Snake:3  | Found Gicucwakku's General Store.
 39217 | Snake:3  | Bought a potion of curing for 45 gold pieces
 39217 | Snake:3  | Bought a scroll of magic mapping for 112 gold pieces
 39226 | Snake:3  | Found an ancient bone altar of Kikubaaqudgha.
 39776 | Snake:3  | Got the Guidebook on White Pyromania
 40063 | Snake:4  | Entered Level 4 of the Snake Pit
 41056 | Snake:4  | Got a serpentine rune of Zot
 41818 | Elf:1    | Entered Level 1 of the Elven Halls
 42047 | Elf:1    | Learned a level 2 spell: Passwall
 42091 | Elf:1    | Got Borgnjor's Omnibus of the Dead
 42132 | Elf:1    | Reached skill level 1 in Transmutations
 42132 | Elf:1    | Reached skill level 1 in Earth Magic
 42134 | Elf:1    | Reached XP level 20. HP: 105/134 MP: 25/34
 42219 | Elf:1    | Found Musautel's Book Boutique.
 42221 | Elf:1    | Found Keotel's Armour Shop.
 42221 | Elf:1    | Found Vuisaom's Armour Boutique.
 42224 | Elf:1    | Found Aschengo's Weapon Shop.
 42685 | Elf:1    | Found Boasi's Weapon Shop.
 42720 | Elf:1    | Bought a +2 hat of stealth for 294 gold pieces
 42841 | Elf:2    | Found a crumbling gateway.
 42847 | Desolati | Entered the Desolation of Salt
 42972 | Desolati | Identified the ring "Umureir" {rPois rF+ rC+ Str+4 Dex-2}
 43014 | Desolati | Identified the ring of Makhleb's Anger {Will+ Str+2 Dex+6
                  | Stlth+}
 43571 | Desolati | Got Kikubaaqudgha's Encyclopedia of the Mortuary
 43579 | Desolati | Identified the +4 falchion "Ecku" {flame, Fly}
 43699 | Desolati | Reached skill level 5 in Transmutations
 43779 | Desolati | Got the Commentary on Clouds
 43783 | Desolati | Identified the amulet "Hureurin" {Spirit Str+2}
 44089 | Elf:2    | Found a runed translucent gate.
 44089 | Elf:2    | Found a runed translucent gate.
 44089 | Elf:2    | Found a runed translucent gate.
 44202 | Elf:2    | Found Miuzxoifa's Book Shoppe.
 44623 | Elf:3    | Entered Level 3 of the Elven Halls
 44672 | Elf:3    | Reached XP level 21. HP: 120/142 MP: 35/35
 44795 | Elf:3    | Found a shimmering blue altar of Sif Muna.
 45269 | Elf:3    | Found a runed translucent door.
 45275 | Elf:3    | Found Wofue's Jewellery Emporium.
 45718 | Elf:3    | Identified the +7 dire flail of Inquiry {vamp, rC+ Str-5
                  | Int+4 Dex+3}
 45967 | Elf:3    | Identified the +9 hand axe of Xaris {drain, Str+3}
 46114 | Elf:3    | Noticed a Tzitzimitl
 47383 | Elf:3    | Identified the +5 shortbow "Adghihuxo" {heavy, rC++ Dex+4
                  | Stlth+}
 47396 | Elf:3    | Identified the staff of earth "Taehamn" {MP+9 Str-3 Dex+9
                  | SInv}
 47529 | Elf:3    | Identified the +3 plate armour "Xounur" {Str+3}
 47611 | Elf:3    | Noticed arghonaut's ghost (adept MfMo)
 47664 | Elf:3    | Killed arghonaut's ghost
 47949 | D:14     | Killed Rupert
 48021 | Vaults:1 | Entered Level 1 of the Vaults
 48092 | Vaults:1 | Found Kuall's Antique Weapon Emporium.
 48752 | Vaults:1 | Reached XP level 22. HP: 152/152 MP: 36/36
 49283 | Vaults:2 | Found a magical portal.
 49288 | WizLab   | Entered Alistair's Party Mansion
 49425 | WizLab   | Acquired 293 gold pieces
 49434 | WizLab   | Acquired 780 gold pieces
 49439 | WizLab   | Got the Compilation of the Transforming Adder
 49441 | WizLab   | Got the Discursus on Degeneration and Reformation
 50639 | Vaults:2 | Found Usytt's General Store.
 50642 | Vaults:2 | Bought a potion of ambrosia for 184 gold pieces
 50902 | Vaults:2 | Identified the +10 long sword "Uleycic" {flame, rElec}
 51493 | Vaults:3 | Reached XP level 23. HP: 156/156 MP: 38/38
 51939 | Vaults:3 | Reached skill level 27 in Stealth
 51973 | Vaults:3 | Reached skill level 1 in Spellcasting
 51991 | Vaults:3 | Found a staircase to the Crypt.
 52428 | Vaults:4 | Found a large runed translucent door.
 52428 | Vaults:4 | Found a large runed translucent door.
 52430 | Vaults:4 | Found a large runed translucent door.
 52430 | Vaults:4 | Found a large runed translucent door.
 52431 | Vaults:4 | Found a large runed translucent door.
 52431 | Vaults:4 | Found a large runed translucent door.
 52431 | Vaults:4 | Noticed Feagond's ghost (adept HOMo)
 52432 | Vaults:4 | Found a large runed translucent door.
 52432 | Vaults:4 | Found a large runed translucent door.
 52806 | Vaults:4 | Identified the +0 robe of Uskytaar {rF- Will+ Int-3 Dex+8}
 53414 | Vaults:4 | Reached skill level 5 in Spellcasting
 54162 | D:4      | Killed MuseOD's ghost
 54624 | D:12     | Killed Pandrake's ghost
 54939 | Swamp:1  | Killed Ypsiuj's ghost
 54948 | Swamp:1  | Identified the staff of cold "Cemue" {Drain rC+ rN++ Str+8
                  | Stlth-}
 55258 | Depths:1 | Entered Level 1 of the Depths
 55349 | Depths:1 | Reached XP level 24. HP: 135/163 MP: 31/38
 55516 | Depths:1 | Reached skill level 1 in Armour
 55706 | Depths:1 | Found an opulent altar of Gozag.
 56206 | Depths:1 | Found a runed translucent door.
 56211 | Depths:1 | Noticed Barug's ghost (adept TrMo)
 56226 | Depths:1 | Found a gateway to Hell.
 56488 | Depths:2 | Noticed Grunn
 56488 | Depths:2 | You fall into a shaft and drop 2 floors!
 56488 | Depths:4 | Entered Level 4 of the Depths
 56542 | Depths:4 | Noticed a juggernaut
 56556 | Depths:4 | Killed a juggernaut
 56706 | Depths:3 | Noticed a golden dragon
 56947 | Depths:2 | Killed Grunn
 57139 | Depths:2 | Found a one-way gateway to a ziggurat.
 57276 | Depths:2 | Identified the ring "Waqoumn" {Ice *Slow Fly rCorr Dex-4
                  | SInv}
 57276 | Depths:2 | Noticed Josephina
 57292 | Depths:2 | Killed Josephina
 57598 | Depths:2 | Reached skill level 5 in Armour
 58076 | Depths:2 | Found a one-way gate leading to the halls of Pandemonium.
 58576 | Depths:3 | Found a runed translucent door.
 58576 | Depths:3 | Noticed Gucom's ghost (veteran GnFi)
 58712 | Depths:3 | Reached skill level 1 in Translocations
 58712 | Depths:3 | Reached XP level 25. HP: 111/168 MP: 33/39
 58854 | Depths:3 | Found a one-way gate to the infinite horrors of the Abyss.
 59216 | Depths:3 | Identified the +0 long sword "Zikob" {heavy, rC+ SInv}
 59261 | Depths:3 | Found an ornate altar of the Wu Jian Council.
 59517 | Depths:3 | Found a runed translucent door.
 59660 | Depths:3 | Learned a level 2 spell: Wereblood
 59908 | Depths:4 | Noticed a juggernaut
 59928 | Depths:4 | Killed a juggernaut
 60339 | Depths:4 | Reached skill level 5 in Translocations
 60519 | Depths:4 | Found a gate to the Realm of Zot.
 60742 | Depths:4 | Found a sparkling altar of Nemelex Xobeh.
 61333 | Vaults:4 | Killed Feagond's ghost
 61574 | Vaults:5 | Entered Level 5 of the Vaults
 61763 | Vaults:5 | Reached XP level 26. HP: 100/174 MP: 16/39
 62235 | Vaults:5 | Got a silver rune of Zot
 63143 | Vaults:5 | Reached skill level 10 in Evocations
 63256 | Vaults:5 | Identified the +6 sling of the Intense God {freeze, rElec
                  | rCorr Str-5 Int+7}
 63560 | Vaults:5 | Identified the +0 pair of boots of Prudence {+Inv rPois
                  | Str+3}
 64288 | Zot:1    | Entered Level 1 of the Realm of Zot
 65084 | Zot:1    | Reached XP level 27. HP: 180/180 MP: 39/39
 65327 | Zot:1    | Reached skill level 10 in Armour
 65797 | Zot:3    | Identified the +0 ring mail of Ygadazxe {+Inv rCorr Int+3
                  | Dex-4}
 66025 | Zot:4    | Got Sif Muna's Grimoire of Hurtful Frostbite
 66437 | Zot:4    | Identified the +0 long sword of Success {elec, rCorr}
 66728 | Zot:4    | Reached skill level 5 in Earth Magic
 66932 | Zot:5    | Entered Level 5 of the Realm of Zot
 67518 | Zot:5    | Noticed a Killer Klown
 67539 | Zot:5    | Killed a Killer Klown
 67559 | Zot:5    | Noticed an orb of fire
 67559 | Zot:5    | Noticed an orb of fire
 67564 | Zot:5    | Gained mutation: Your spells are a little easier to cast,
                  | but a little less powerful. [an orb of fire]
 67677 | Zot:5    | Killed an orb of fire
 67716 | Zot:5    | Gained mutation: Armour fits poorly on your strangely
                  | shaped body. [an orb of fire]
 67740 | Zot:5    | Killed an orb of fire
 67917 | Zot:5    | Noticed a Killer Klown
 67950 | Zot:5    | Killed a Killer Klown
 68062 | Zot:5    | Noticed a Killer Klown
 68071 | Zot:5    | Noticed a Killer Klown
 68072 | Zot:5    | Killed a Killer Klown
 68079 | Zot:5    | Killed a Killer Klown
 68412 | Zot:5    | Noticed a dread lich
 68424 | Zot:5    | Killed a dread lich
 68690 | Zot:5    | Noticed a Killer Klown
 68720 | Zot:5    | Killed a Killer Klown
 69738 | Zot:5    | Got the Orb of Zot
 69778 | Zot:5    | Noticed a Killer Klown
 69783 | Zot:5    | Killed a Killer Klown
 69826 | Zot:5    | Noticed Siduu the pandemonium lord
 70161 | D:15     | Noticed Koinuf the pandemonium lord
 70319 | D:7      | Reached skill level 27 in Dodging
 70528 | D:$      | Escaped with the Orb!

Illustrated notes

Levels and vault maps discovered:
D:1:      arrival_aquarium_b, layout_basic, serial_shops, shop
D:2:      layout_loops_ring, serial_shops, nicolae_shop_stone,
          nrook_mini_backslash, bh_walls_and_bars
D:3:      layout_basic, grunt_ministairs_6, kennysheep_boxes
D:4:      layout_loops_corners, gammafunk_ghost_mausoleum, serial_shops,
          nicolae_shop_tiny_waterfront, lemuel_flame_loot_1
D:5:      layout_loops_cross, serial_shops, nicolae_shop_advertising_works
          [nicolae_subvault_shop_adworks]
D:6:      layout_loops_ring, minitemple, nicolae_uskayaw_dance_hall,
          minmay_temple_entry_wispy, uniq_edmund, uniq_blork_the_orc,
          uniq_duvessa, uniq_pikel
D:7:      layout_basic, grunt_temple_overflow_forces_of_nature,
          grunt_temple_overflow_cloverleaf
D:8:      kb_forest_paths, layout_basic, ebering_ghost_gozag, enter_bailey_4,
          serial_park_tiny_2, minmay_orc_keep
D:9:      layout_rooms, erik_lair_dragon
D:10:     layout_loops_cross, lemuel_tele_altar, gammafunk_temple_overflow_claw,
          erik_orc_3, uniq_psyche
D:11:     nzn_winding_woodlands_cross [nzn_winding_woodlands_5x15_cabin,
          nzn_winding_woodlands_5x15_pool, nzn_winding_woodlands_5x15_eye,
          nzn_winding_woodlands_5x15_pockets,
          nzn_winding_woodlands_15x15_five_gardens], layout_cave_pods,
          nicolae_trove_entry_crystal, uniq_harold
D:12:     old_forge, layout_loops_corners, ebering_ghost_inner_flame
D:13:     layout_irregular_city, kennysheep_minor_cross
D:14:     layout_roguey, david_vaults_3, minmay_splitting_lines, uniq_rupert
D:15:     hangedman_depths_entry_civil_slaughter, layout_gridville,
          serial_bayou_pond_d
Lair:1:   beast_lair_carwin_large_4, layout_regular_city
Lair:2:   layout_chaotic_city, skrybe_swamp_entry_bodies, uniq_maggie
Lair:3:   layout_hall_layers, nicolae_snake_entry_warm_welcome,
          lemuel_fruit_fields, serial_bayou_shore_b, uniq_snorg, uniq_fannar,
          uniq_prince_ribbit2
Lair:4:   layout_regular_city
Lair:5:   cheibrodos_lair_end_hotspot, layout_hall_layers, slime_entry_1,
          kilobyte_rumbling_trees
Swamp:1:  layout_falls_marsh, ebering_ghost_reflecting_pool,
          lemuel_altar_in_water, infiniplex_staircase_pool, uniq_donald
Swamp:2:  layout_falls_marsh, nicolae_swamp_little_tower, uniq_roxanne
Swamp:3:  layout_falls_marsh, ebering_ghost_rock_garden,
          hangedman_swamp_ruin_wall, infiniplex_staircase_pool_2
Swamp:4:  swamp_alternative, layout_basic_swamp
Snake:1:  layout_gridlike, nicolae_shop_firing_range, uniq_nikola
Snake:2:  layout_rooms, grunt_megastairs_2, uniq_aizul
Snake:3:  layout_basic, basic_altar, serial_shops, nicolae_shop_tiny_waterfront,
          minmay_shop_grid_forest, nicolae_snake_springs
Snake:4:  hellmonk_snake_rune_quicksilver_temple, layout_grid_shapes
Orc:1:    cheibrodos_orc_arena, layout_caves, basic_altar
Orc:2:    grunt_orc_cross, layout_caves, special_room, basic_altar,
          lightli_orcish_oven
Elf:1:    elf_arrival_001, layout_loops_ring, serial_shops, shop,
          minmay_elf_necromancy, grunt_ministairs_4, minmay_shoptagon
Elf:2:    nicolae_elf_blades_splatter_lattice [nicolae_blade_tridents],
          layout_geoelf_diagonals, serial_shops, shop,
          portal_desolation_entry_ruin, st_stairs_11, uniq_asterion
Elf:3:    minmay_elf_hall_furrowed, layout_geoelf_diagonals, serial_shops,
          nicolae_shop_gaudy_bauble, ebering_ghost_reflecting_pool, basic_altar,
          grunt_ministairs_1
Vaults:1: vaults_room_grunt_arrival_ludios, nicolae_vaults_spaceships,
          hangedman_vaults_pinch, v_misc_9, nicolae_vaults_closet_pinwheel_2,
          nicolae_vaults_theta, v_alt_pattern_1,
          nicolae_vaults_twisting_passages, vaults_mumra_lcd,
          nicolae_vaults_bisected_slash, nicolae_vaults_house_3,
          layout_vaults_big_room, serial_shops, nicolae_shop_stone
Vaults:2: mu_enter_wizlab_2, vaults_room_boxed, v_alt_pattern_3,
          nicolae_vaults_trapezoid_lopsided_3, nicolae_vaults_stand_back,
          nicolae_vaults_storage_closets_2, nicolae_vaults_three_branches,
          hangedman_vaults_hat, nicolae_vaults_more_shelving_2,
          ontoclasm_vaults_decontamination, nicolae_vaults_little_squares_5,
          nicolae_vaults_tetromino_T_2, nicolae_vaults_six-pack,
          nicolae_vaults_house_3, layout_vaults_ring, serial_shops,
          nicolae_shop_tiny_real_fake_doors
Vaults:3: nicolae_vaults_little_squares_5, hangedman_vaults_stretched_pinwheel,
          nicolae_vaults_double_plus_2, hangedman_vaults_impose, serial_ice_b,
          v_misc_4, vaults_room_pool, ontoclasm_vaults_shout,
          nicolae_vaults_six-pack, v_pattern_1, ontoclasm_vaults_loading_screen,
          v_misc_19, ontoclasm_vaults_hangar, v_misc_2,
          layout_vaults_maze_snakey, minmay_crypt_entry_simple_walls
Vaults:4: advil_vaults_ghost_lines, nicolae_vaults_closet_pinwheel_1,
          nicolae_vaults_big_ls, nicolae_vaults_tetromino_T_2,
          nicolae_vaults_display_case, vaults_standard_mumra_enter_the_diamond,
          ontoclasm_vaults_ring_small, nicolae_vaults_alarming,
          nicolae_vaults_asterisk, layout_vaults_omnigrid
Vaults:5
Depths:1: layout_gridville, gammafunk_ghost_grave,
          nicolae_gozag_cash_rules_everything_around_me, hangedman_coc_ice_floe,
          kennysheep_generic_room_16, infiniplex_staircase_pool_lava
Depths:2: kennysheep_ambush_hall, layout_cave_shapes, enter_ziggurat_a,
          grunt_pan_entry_zigzag, hell_entry, infiniplex_staircase_zigzag_1,
          uniq_josephina, uniq_grunn
Depths:3: minmay_triangles_in_corner, layout_gridville, gammafunk_ghost_grave,
          nicolae_wu_jian_immortal_techniques, hellmouth_1,
          rand_demon_pan_entry_1, hangedman_abyss_entry_splay, st_stairs_14,
          wad_hexagon
Depths:4: grunt_zot_entry_gee_three, layout_twisted_cross,
          nemelex_spade_bored_becter, lightli_too_deep
Zot:1:    nicolae_zot_stationary_front, layout_concentric_octagons
Zot:2:    layout_twisted_circle
Zot:3:    layout_gridlike, bh_zot_ikea_curve, grunt_megastairs_1
Zot:4:    layout_onion, st_single_dragon_hoard_2
Zot:5:    layout_misc_corridors

Skill      XL: |  1  2  3  4  5  6  7  8  9 10 11 12 13 14 15 16 17 18 19 20 21 22 23 24 25 26 27 |
---------------+----------------------------------------------------------------------------------+-----
Short Blades   | 3 4 5 6 7 8 10 | 10.0
Stealth        | 6 7 8 9 11 12 14 15 18 20 21 22 24 25 26 27 | 27.0
Fighting       | 3 4 5 8 10 11 14 15 16 17 18 20 22 | 22.3
Dodging        | 2 3 5 7 9 10 12 15 18 20 22 23 24 25 27 | 27.0
Evocations     | 2 5 6 10 | 10.0
Invocations    | 3 5 8 10 11 13 15 16 18 20 22 24 25 | 25.0
Transmutations | 1 5 8 9 |  9.0
Earth Magic    | 1 3 5 |  5.0
Spellcasting   | 5 |  5.0
Armour         | 5 9 11 | 11.0
Translocations | 1 5 |  5.0
Throwing       | |  2.1

Action                     |  1- 3 |  4- 6 |  7- 9 | 10-12 | 13-15 | 16-18 | 19-21 | 22-24 | 25-27 || total
---------------------------+-------+-------+-------+-------+-------+-------+-------+-------+-------++-------
  Melee: Dagger            |    56 |   111 |   229 |   327 |    45 |       |       |       |       ||   768
         Punch             |       |       |     1 |     7 |    21 |     1 |       |       |       ||    30
         Short sword       |       |       |       |   211 |  1022 |    40 |       |       |       ||  1273
         Pair of quick bla |       |       |       |       |       |   866 |  1035 |   956 |  1564 ||  4421
  Throw: Dart              |     1 |    10 |    63 |    30 |    31 |     2 |       |       |       ||   137
         Throwing net      |       |       |       |     4 |     8 |       |       |       |       ||    12
   Cast: Apportation       |       |       |       |       |       |     1 |       |     1 |       ||     2
         Wereblood         |       |       |       |       |       |       |       |       |     5 ||     5
         Passwall          |       |       |       |       |       |       |       |       |    12 ||    12
 Invoke: Stomp             |       |       |     6 |    19 |    78 |    61 |    40 |    78 |    69 ||   351
         Line Pass         |       |       |       |     2 |    11 |     8 |     1 |     5 |     8 ||    35
         Grand Finale      |       |       |       |       |       |     1 |     1 |       |       ||     2
  Evoke: Wand              |       |       |     9 |     7 |     7 |       |       |       |     8 ||    31
         Condenser vane    |       |       |       |       |       |       |     1 |       |     1 ||     2
    Use: Scroll            |       |     1 |       |    19 |    11 |     9 |     2 |     4 |    12 ||    58
         Potion            |       |       |     3 |     2 |     1 |     2 |     2 |       |    12 ||    22
   Stab: Sleeping          |    21 |    17 |    21 |    73 |    58 |   100 |   113 |   164 |    94 ||   661
         Distracted        |       |     1 |     1 |     2 |     7 |    21 |    14 |    11 |    12 ||    69
         Paralysed         |       |       |     1 |    20 |    30 |    42 |    69 |    68 |    68 ||   298
         Confused          |       |       |       |     1 |    13 |     8 |     3 |     9 |    12 ||    46
         Held in net/web   |       |       |       |     1 |     8 |       |       |       |       ||     9
         Petrified         |       |       |       |       |     4 |       |       |       |       ||     4
         Petrifying        |       |       |       |       |     1 |       |       |       |       ||     1
 Armour: Robe              |     2 |    17 |    12 |    57 |   145 |    38 |     2 |       |       ||   273
         Ring mail         |       |       |       |       |       |    37 |       |       |       ||    37
         Swamp dragon scal |       |       |       |       |       |    38 |    24 |       |       ||    62
         Quicksilver drago |       |       |       |       |       |       |    39 |    72 |   108 ||   219
  Dodge: Dodged            |    18 |    40 |   139 |   353 |   850 |   512 |   469 |   547 |   947 ||  3875
  Block: Other             |       |       |       |       |   175 |    96 |    38 |       |       ||   309
         Reflection        |       |       |       |       |     2 |     8 |     3 |       |       ||    13
